 Dungeon Crawl Stone Soup version 0.28.0-49-g6dfe1f597d (webtiles) character file.

Game seed: 4179204384368107722

116 issech the Cudgeller (level 4, -2/44 HPs)
             Began as a Troll Monk on May 12, 2022.
             Slain by a gnoll
             ... wielding a +0 spear
              (4 damage)
             ... on level 2 of the Dungeon.
             The game lasted 00:06:42 (1716 turns).

issech the Cudgeller (Troll Monk)                   Turns: 1716, Time: 00:06:42

Health: -2/44      AC:  4    Str: 19    XL:     4   Next: 70%
Magic:  3/3        EV: 11    Int:  6    God:
Gold:   59         SH:  0    Dex: 14    Spells: 3/3 levels left

rFire   . . .      SeeInvis .   n - +1 broad axe (flame)
rCold   . . .      Faith    .   (no shield)
rNeg    . . .      Spirit   .   b - +0 robe
rPois   .          Reflect  .   (helmet restricted)
rElec   .          Harm     .   (no cloak)
rCorr   .          Rampage  .   (gloves unavailable)
Will    .....                   (boots unavailable)
Stlth   ++........              (no amulet)
HPRegen 0.94/turn               (no ring)
MPRegen 0.08/turn               (no ring)

@: no status effects
A: large, unfitting armour, claws 3, regeneration 1, shaggy fur 1, tough skin 1
a: no special abilities


You were on level 2 of the Dungeon.
You visited 1 branch of the dungeon, and saw 3 of its levels.

You collected 164 gold pieces.
You spent 105 gold pieces at shops.

Inventory:

Hand Weapons
 a - a +0 mace
 j - a +0 halberd
 k - a +0 flail
 l - a +0 hunting sling
 n - a +1 broad axe of flaming (weapon)
Missiles
 d - 68 arrows
 i - 14 stones (quivered)
 m - a throwing net
Armour
 b - a +0 robe (worn)
Scrolls
 g - a scroll of fog {unknown}
 h - 2 scrolls of fear {unknown}
Potions
 c - a potion of lignification {unknown}
 e - 3 potions of curing {unknown}
 f - a potion of mutation {unknown}


   Skills:
 + Level 2.9 Fighting
 + Level 3.5 Maces & Flails
 + Level 0.1 Polearms
 + Level 3.4 Dodging
 + Level 1.2 Stealth


You had 3 spell levels left.
You didn't know any spells.
Your spell library was empty.

Dungeon Overview and Level Annotations

Branches:
Dungeon (3/15)

Altars:

Shops:
D:1 *   D:2 (


Innate Abilities, Weirdness & Mutations

You are too large for most types of armour.
You have claws for hands.
Your natural rate of healing is unusually fast.
You are covered in fur. (AC +1)
You have tough skin. (AC +1)


Message History

The gnoll is heavily wounded.
The gnoll completely misses you.
You slash the gnoll! You burn the gnoll.
You kill the gnoll!
Things that are here:
a +0 club; a gnoll corpse
Things that are here:
a +0 club; a gnoll corpse
There is a stone staircase leading down, spattered with blood here.
You climb downwards.
The adder hisses angrily.
There is a stone staircase leading up here.
A hobgoblin comes into view.
Found a scroll labelled FAOREA ZYFOV.
The hobgoblin shouts!
The gnoll hits you with a +0 spear. The hobgoblin closely misses you.
The gnoll hits you with a +0 spear.
You closely miss the gnoll. You barely miss the gnoll. You hit the hobgoblin.
You burn the hobgoblin. You miss the adder. The adder bites you.
You are poisoned.
The adder poisons you! The gnoll hits you with a +0 spear.
The hobgoblin hits you. The gnoll closely misses you.
The adder bites you but does no damage.
You feel sick. The gnoll hits you with a +0 spear. The hobgoblin hits you.
The gnoll hits you from afar with a +0 spear!
* * * LOW HITPOINT WARNING * * *
You feel sick. The gnoll hits you with a +0 spear.
* * * LOW HITPOINT WARNING * * *
There is a stone staircase leading up, spattered with blood here.
You feel sick. The adder closely misses you. The gnoll closely misses you.
The gnoll hits you from afar with a +0 spear.
* * * LOW HITPOINT WARNING * * *
The adder barely misses you.
You climb upwards.
You feel sick.
There is a stone staircase leading down, spattered with blood here.
You feel sick. The gnoll misses you.
You feel sick.
You are no longer poisoned.
The gnoll hits you from afar with a +0 spear.
You die...

###### ########## .....#
#####.#......# .....#
#.....#......#
.....#######.#.)....#
.............'.gS...#
###.#..#.....#......# #
#[...#.##.##..@...#
#####..#.##.#....####
..###....##.#.##.########
#...##.####.#.##.##.....#
###....# ##......##.....#
####.###<.#.#...#.....#
#..........#.#.....#
####..##..#.#.........#
##...............#.....#


You could see a gnoll and an adder.

Vanquished Creatures
  An adder (D:2)
  5 gnolls (D:2)
  An ufetubus (D:3)
  2 dart slugs
  3 bats (D:1)
  2 endoplasms (D:1)
  4 giant cockroaches
  6 hobgoblins
  2 jackals (D:1)
  A quokka (D:1)
  7 ball pythons
  2 frilled lizards (D:1)
  8 goblins
  2 kobolds (D:1)
  2 rats (D:1)
48 creatures vanquished.

Notes
Turn   | Place    | Note
-------+----------+-------------------------------------------
     0 | D:1      | issech the Troll Monk began the quest for the Orb.
     0 | D:1      | Reached XP level 1. HP: 22/22 MP: 0/0
    96 | D:1      | Found a faded altar of an unknown god.
   115 | D:1      | Reached XP level 2. HP: 29/29 MP: 1/1
   284 | D:1      | Found Sawu's General Store.
   761 | D:2      | You fall into a shaft and drop 1 floor!
   776 | D:3      | Reached XP level 3. HP: 18/36 MP: 2/2
  1057 | D:2      | Reached XP level 4. HP: 44/44 MP: 3/3
  1326 | D:2      | Found Syroptat's Antique Weapon Boutique.
  1360 | D:2      | Bought a runed broad axe for 105 gold pieces
  1714 | D:2      | HP: 2/44 [poisoned by an adder]
  1716 | D:2      | Slain by a gnoll

Illustrated notes

Levels and vault maps discovered:
D:1:      dpeg_arrival_rooms_with_view, layout_loops_ring, serial_shops, shop,
          basic_ecumenical_altar, wander_ebering_terrifying_dragon_lair
D:2:      kennysheep_the_goblin_king, layout_basic, serial_shops, shop_coins
D:3:      layout_basic, serial_glass, glass_columns_a, glass_columns_a,
          glass_columns_c, glass_columns_b, glass_columns_b, glass_columns_c,
          glass_columns_b, glass_columns_a, glass_columns_a, glass_columns_b

Skill      XL: |  1  2 |
---------------+-------+-----
Dodging        | 3 |  3.4
Maces & Flails | 3 |  3.5
Fighting       | |  2.9
Polearms       | |  0.1
Stealth        | |  1.2

Action                   |  1- 3 |  4- 6 || total
-------------------------+-------+-------++-------
Melee: Mace              |   112 |     3 ||   115
       Punch             |     1 |       ||     1
       Flail             |       |    16 ||    16
       Broad axe         |       |     7 ||     7
       Halberd           |       |     5 ||     5
 Stab: Sleeping          |     3 |       ||     3
Armor: Robe              |    49 |    10 ||    59
Dodge: Dodged            |    88 |    26 ||   114
